Map: Romanticide LE

Players

LiquidClem (Clem) - Winner!

  • Race: Terran Terran
  • League: Grandmaster
  • Spawn Location: 11:00

ShoWTimE

  • Race: Protoss Protoss
  • League: Master
  • Spawn Location: 5:00

Event: DreamHack SC2 Masters 2020 Winter

VOD

Have the link to the VOD?

Description

Time

  • Played on: Oct. 24, 2020, 3:05 p.m.
  • Length: 17:26

All games in this series

Show
View Real Time Build Order
Export as new Build Order

LiquidClem Terran - Winner!

Build Orders: Banshee Rush 

Get SALT Encoding   

  12  0:00  SCV  
  13  0:12  SCV  
  14  0:17  Supply Depot  
  14  0:24  SCV  
  15  0:38  SCV  
  15  0:41  Barracks  
  16  0:43  Refinery  
  16  0:50  SCV  
  17  1:03  SCV  
  18  1:15  SCV  
  19  1:28  Orbital Command, Marine  
  20  1:40  Command Center  
  20  1:46  Barracks Reactor  
  20  1:53  SCV  
  21  1:56  Supply Depot  
  21  2:05  Factory  
  21  2:09  SCV  
  22  2:18  Refinery  
  22  2:21  SCV  
  22  2:22  Marine x2  
  25  2:33  SCV  
  26  2:40  Marine x2  
  28  2:45  SCV  
  28  2:50  Starport  
  29  2:52  Orbital Command  
  29  2:58  SCV  
  30  3:03  Hellion  
  30  3:04  Hellion  
  34  3:10  Barracks Tech Lab  
  34  3:11  SCV  
  35  3:17  SCV  
  36  3:24  Hellion  
  36  3:25  Hellion  
  36  3:26  SCV  
  41  3:31  SCV  
  42  3:36  Supply Depot  
  42  3:39  SCV  
  43  3:43  SCV  
  43  3:44  Cloaking Field  
  44  3:52  SCV  
  44  3:55  SCV  
  45  3:56  Barracks Tech Lab  
  42  4:03  Factory Tech Lab  
  42  4:04  SCV  
  42  4:07  SCV, Marine  
  42  4:08  Marine  
  42  4:09  Viking  
  44  4:16  Supply Depot  
  44  4:17  SCV  
  43  4:19  SCV  
  43  4:23  Siege Tank  
  47  4:25  Marine x2  
  47  4:29  SCV  
  50  4:31  SCV  
  51  4:39  Banshee  
  51  4:40  Barracks  
  51  4:43  Barracks  
  55  4:48  Supply Depot  
  55  4:51  Marine x2  
  56  4:54  SCV  
  56  4:55  Siege Tank  
  56  4:56  SCV  
  61  5:02  Supply Depot  
  61  5:08  SCV  
  61  5:09  SCV, Marine x2  
  65  5:17  Supply Depot  
  65  5:22  Banshee  
  65  5:25  Supply Depot  
  65  5:27  Marine x3  
  71  5:32  Marine  
  71  5:33  Siege Tank  
  75  5:37  Supply Depot  
  75  5:40  SCV x2  
  77  5:45  Marine x3  
  80  5:50  Marine  
  80  5:53  Supply Depot  
  81  6:02  Marine  
  81  6:03  Marine x2  
  82  6:04  SCV x2  
  82  6:07  Siege Tank  
  82  6:08  Marine  
  82  6:10  Supply Depot  
  87  6:16  Banshee  
  90  6:20  Supply Depot, Marine x2  
  90  6:21  Marine  
  90  6:25  SCV x2  
  95  6:27  Marine  
  86  6:38  Marine x2  
  87  6:43  SCV x2  
  87  6:44  Siege Tank  
  92  6:48  Marine x2  
  92  6:49  Supply Depot  
  94  6:56  Marine x2  
  94  6:57  Bunker  
  94  7:00  Bunker  
  96  7:06  Marine x2  
  93  7:14  Marine x2  
  84  7:16  Siege Tank  
  84  7:22  SCV x2  
  83  7:24  Marine x2  
  80  7:32  Marine x2  
  79  7:42  Marine x2  
  79  7:43  SCV x2  
  78  7:49  Marine x2, Banshee, Siege Tank  
  86  7:59  Marine  
  86  8:00  Marine  
  82  8:06  SCV x2  
  82  8:07  Marine x2  
  86  8:17  Marine x2  
  88  8:20  Bunker  
  88  8:21  Bunker, Siege Tank  
  88  8:22  Bunker  
  88  8:24  Bunker  
  88  8:25  Marine  
  92  8:27  Marine  
  92  8:31  SCV x2  
  92  8:40  Marine  
  84  8:42  Marine  
  84  8:43  SCV  
  84  8:44  Marine  
  84  8:46  Marine  
  82  8:53  Siege Tank  
  84  8:59  Banshee, Marine  
  88  9:03  Marine x2  
  88  9:06  Marine  
  88  9:11  SCV x2  
  88  9:12  Bunker  
  90  9:17  Marine  
  90  9:21  Marine x2  
  93  9:24  SCV  
  93  9:27  Command Center  
  93  9:29  Marine  
  92  9:32  Siege Tank  
  92  9:49  SCV x2  
  92  9:51  Marine  
  92  9:52  Banshee, Marine  
  93  9:53  Marine  
  93  9:57  Marine  
  95  10:01  SCV x2  
  96  10:08  Marine  
  96  10:09  Bunker  
  96  10:10  Marine  
  96  10:13  SCV x2  
  101  10:15  Marine  
  101  10:17  Siege Tank  
  101  10:18  Barracks Tech Lab  
  104  10:22  Refinery  
  104  10:25  SCV  
  104  10:26  Refinery, Marine  
  104  10:27  SCV  
  107  10:29  Marine  
  108  10:38  SCV, Marine  
  108  10:42  SCV  
  108  10:44  Marine  
  108  10:45  Stimpack  
  108  10:46  Orbital Command  
  108  10:47  Marine  
  109  10:50  SCV  
  109  10:52  Starport Reactor  
  109  10:53  Engineering Bay  
  109  10:55  SCV  
  110  10:59  Marauder  
  110  11:02  SCV  
  110  11:03  Orbital Command  
  109  11:07  Combat Shield  
  109  11:08  SCV  
  109  11:09  Marauder  
  112  11:14  SCV  
  113  11:20  Marine  
  113  11:21  SCV, Marine  
  113  11:23  Marine  
  115  11:26  SCV  
  115  11:30  Marine  
  115  11:32  SCV  
  118  11:33  SCV  
  118  11:38  SCV, Marine x2  
  109  11:41  Marine  
  109  11:47  SCV, Siege Tank  
  104  11:48  Marine  
  104  11:50  Medivac  
  104  11:53  Medivac  
  93  11:59  Terran Infantry Weapons Level 1  
  93  12:00  Marine x2  
  93  12:01  Marauder  
  97  12:05  SCV, Missile Turret  
  98  12:09  Marauder  
  98  12:12  Barracks  
  98  12:13  SCV  
  101  12:16  Missile Turret  
  101  12:17  SCV  
  101  12:18  Missile Turret  
  101  12:21  Marine  
  101  12:22  Marine  
  100  12:23  Marauder  
  100  12:24  SCV  
  102  12:30  Marauder  
  102  12:35  Siege Tank  
  102  12:37  Medivac  
  107  12:38  Medivac  
  107  12:39  Marine  
  107  12:41  SCV  
  107  12:42  SCV  
  107  12:43  Marine  
  113  12:44  Marauder  
  113  12:49  SCV  
  116  12:51  Refinery  
  116  12:52  Marauder  
  116  12:53  SCV  
  116  12:57  Command Center  
  119  13:00  Refinery  
  119  13:03  Marine x2  
  121  13:06  Marauder  
  121  13:07  SCV  
  121  13:08  SCV  
  124  13:13  SCV, Marauder  
  124  13:15  Supply Depot  
  124  13:18  Siege Tank  
  124  13:19  SCV  
  130  13:20  Medivac  
  130  13:25  SCV  
  130  13:26  Medivac  
  130  13:27  Marine x2  
  134  13:28  Marine  
  137  13:35  Supply Depot  
  137  13:38  Marauder  
  139  13:46  Marauder  
  141  13:50  Ghost Academy  
  141  13:51  Marine x2  
  141  13:53  Widow Mine  
  144  13:56  SCV x2, Barracks  
  144  13:59  Marauder  
  147  14:03  SCV  
  147  14:08  Marauder  
  150  14:10  Supply Depot  
  150  14:11  Supply Depot  
  150  14:12  SCV, Marine  
  150  14:13  Marine  
  150  14:14  Widow Mine  
  154  14:21  Ghost  
  154  14:22  Barracks Tech Lab  
  156  14:25  SCV  
  156  14:28  SCV  
  156  14:29  Bunker  
  156  14:30  Ghost  
  160  14:35  Siege Tank  
  160  14:36  Planetary Fortress  
  162  14:39  SCV  
  162  14:40  SCV  
  161  14:47  Concussive Shells  
  161  14:50  SCV  
  161  14:52  Missile Turret  
  160  14:54  Ghost  
  160  14:58  Ghost  
  162  15:01  Ghost  
  162  15:03  Marine, Barracks Tech Lab  
  162  15:07  SCV x2, Siege Tank  
  162  15:09  Marine  
  168  15:17  Refinery  
  166  15:23  Marauder  
  166  15:25  Ghost  
  166  15:26  Ghost  
  158  15:30  Medivac  
  158  15:33  Marine x2  
  158  15:40  Siege Tank  
  158  15:41  Marauder  
  163  15:43  Command Center  
  163  15:44  Marauder  
  163  15:46  Refinery  
  165  15:51  Marine  
  165  15:54  Marauder, Marine  
  169  15:57  Marauder  
  170  16:06  Marauder x2  
  170  16:09  Liberator x2  
  180  16:11  Marine  
  180  16:15  Marauder  
  183  16:19  Marauder  
  183  16:22  Armory  
  183  16:24  Engineering Bay  
  181  16:26  Ghost  
  181  16:29  Ghost  
  181  16:31  Marine  
  180  16:37  Marauder  
  181  16:40  Marauder  
  181  16:41  Siege Tank  
  181  16:42  Marine  
  183  16:50  Marine  
  183  16:52  Medivac  
  186  16:55  Marine  
  186  16:58  Marauder x2  
  194  17:02  Marauder  
  194  17:08  Marine  
  187  17:25  Command Center  
Show
View Real Time Build Order
Export as new Build Order

ShoWTimE Protoss 

Build Orders: 1 Gate Expand, Oracle Opening 

Get SALT Encoding   

  12  0:00  Probe  
  13  0:12  Probe  
  14  0:16  Pylon  
  14  0:24  Probe (Chrono Boost)  
  16  0:36  Probe (Chrono Boost), Gateway  
  16  0:43  Probe (Chrono Boost)  
  16  0:45  Assimilator  
  17  0:50  Probe  
  18  1:03  Probe  
  19  1:15  Probe  
  20  1:22  Nexus  
  20  1:31  Cybernetics Core  
  20  1:35  Probe  
  21  1:40  Assimilator  
  21  1:47  Probe  
  21  1:50  Pylon  
  22  1:59  Probe  
  23  2:06  Stalker (Chrono Boost)  
  23  2:11  Probe  
  26  2:17  Stargate  
  26  2:23  Probe  
  26  2:28  Stalker (Chrono Boost)  
  29  2:35  Probe (Chrono Boost)  
  31  2:37  Probe (Chrono Boost)  
  31  2:39  Warp Gate  
  31  2:47  Probe (Chrono Boost)  
  33  2:53  Probe (Chrono Boost)  
  33  2:54  Probe (Chrono Boost)  
  36  2:59  Pylon  
  36  3:01  Oracle (Chrono Boost)  
  36  3:02  Probe  
  36  3:04  Probe  
  39  3:12  Stalker  
  41  3:14  Probe  
  41  3:16  Probe  
  43  3:26  Probe, Gateway  
  44  3:28  Probe  
  45  3:39  Probe  
  45  3:40  Probe  
  47  3:50  Gateway  
  47  3:51  Probe  
  47  3:52  Twilight Council  
  47  3:53  Probe, Pylon  
  49  3:57  Gateway  
  49  4:03  Probe, Pylon  
  49  4:05  Probe  
  51  4:15  Probe, Pylon  
  51  4:16  Assimilator  
  52  4:17  Probe  
  53  4:25  Blink (Chrono Boost)  
  53  4:28  Shield Battery  
  53  4:29  Oracle (Chrono Boost)  
  53  4:32  Shield Battery  
  56  4:41  Nexus  
  56  4:42  Pylon  
  56  4:43  Probe x2  
  58  4:47  Stalker  
  60  4:55  Probe x2  
  60  4:57  Stalker x2  
  66  5:01  Pylon  
  66  5:07  Probe x2  
  66  5:11  Stalker  
  66  5:12  Stalker  
  71  5:19  Probe x2  
  73  5:23  Forge  
  73  5:25  Stalker  
  73  5:26  Stalker  
  77  5:31  Probe  
  77  5:35  Probe  
  79  5:38  Stalker x2  
  83  5:43  Probe  
  83  5:45  Pylon  
  83  5:48  Stalker  
  86  5:54  Stalker  
  86  5:55  Shield Battery  
  86  5:56  Probe x3  
  91  5:59  Protoss Ground Weapons Level 1  
  91  6:07  Stalker  
  91  6:10  Probe  
  90  6:19  Shield Battery  
  90  6:20  Stalker x2  
  90  6:22  Pylon  
  90  6:23  Probe x3  
  97  6:32  Stalker x2  
  95  6:39  Gateway  
  93  6:40  Gateway  
  93  6:43  Stalker x2, Gateway  
  97  6:47  Gateway  
  97  6:49  Pylon  
  97  6:53  Charge (Chrono Boost)  
  97  6:59  Pylon  
  97  7:00  Pylon, Zealot  
  97  7:13  Stalker  
  97  7:16  Shield Battery  
  97  7:19  Pylon  
  97  7:20  Pylon  
  97  7:21  Stalker  
  81  7:33  Stalker x2  
  79  7:42  Oracle (Chrono Boost)  
  69  7:47  Zealot x4  
  76  8:02  Zealot x2  
  76  8:06  Gateway  
  76  8:07  Zealot x4  
  76  8:08  Gateway  
  76  8:11  Gateway  
  84  8:13  Pylon  
  84  8:19  Pylon  
  84  8:22  Stalker  
  84  8:23  Stalker  
  84  8:25  Pylon  
  88  8:27  Stalker x3  
  91  8:35  Zealot  
  77  8:46  Stalker x2  
  77  8:48  Shield Battery  
  67  8:52  Stalker  
  68  9:00  Assimilator  
  68  9:01  Shield Battery, Zealot x4  
  74  9:03  Pylon, Assimilator  
  74  9:06  Zealot x2  
  77  9:19  Stalker x3  
  77  9:23  Stalker  
  73  9:32  Zealot x4  
  73  9:33  Zealot  
  83  9:40  Probe  
  83  9:42  Zealot x3  
  90  9:47  Zealot  
  90  9:52  Probe, Shield Battery  
  93  9:53  Phoenix (Chrono Boost)  
  93  9:55  Zealot  
  95  10:01  Sentry  
  95  10:03  Stalker  
  99  10:10  Zealot  
  101  10:21  Zealot x2  
  99  10:34  Stalker x2  
  101  10:41  Zealot  
  103  10:53  Pylon  
  103  10:54  Zealot x2  
  101  11:07  Zealot x2  
  97  11:25  Zealot x2  
  97  11:26  Zealot x2  
  92  11:43  Probe  
  83  12:02  Nexus  
  83  12:10  Templar Archives  
  83  12:12  Zealot  
  85  12:21  Phoenix (Chrono Boost)  
  85  12:22  Probe  
  86  12:28  Psionic Storm  
  86  12:31  Oracle (Chrono Boost)  
  86  12:32  Probe  
  86  12:34  Probe  
  88  12:41  Forge  
  89  12:44  Probe  
  89  12:46  Zealot  
  89  12:47  Probe  
  92  12:52  High Templar x3  
  92  12:54  Assimilator  
  92  12:57  High Templar  
  100  13:03  Zealot x2  
  100  13:04  Protoss Ground Armor Level 1 (Chrono Boost)  
  103  13:08  Probe  
  103  13:09  Probe  
  103  13:11  Zealot  
  107  13:20  Probe x2  
  107  13:21  Probe  
  109  13:31  Zealot x3  
  109  13:32  Probe  
  109  13:33  Probe x2  
  118  13:44  Probe  
  118  13:45  Probe  
  118  13:46  High Templar  
  120  13:58  Zealot x4  
  120  14:01  Pylon  
  120  14:02  Zealot  
  130  14:05  High Templar  
  128  14:18  Assimilator  
  128  14:21  Nexus  
  128  14:39  Zealot x2, Robotics Facility  
  128  14:40  Pylon  
  132  14:50  Probe x3  
  133  14:56  Zealot x3  
  139  15:02  Probe, Zealot x2  
  139  15:05  High Templar  
  139  15:06  High Templar  
  140  15:10  Archon  
  140  15:12  High Templar  
  140  15:13  High Templar  
  144  15:17  Archon  
  144  15:19  Probe x2  
  144  15:20  Probe  
  139  15:31  Probe  
  132  15:36  Zealot x4  
  132  15:39  High Templar x2  
  144  15:45  Probe  
  144  15:47  Probe  
  144  15:48  Probe  
  147  15:54  Robotics Bay  
  145  16:04  Zealot x3  
  133  16:18  Zealot x5  
  143  16:30  Archon  
  143  16:31  High Templar x4  
  143  16:39  Zealot x5  
  151  16:42  Disruptor (Chrono Boost)  
  146  16:50  Probe x3  
  145  16:58  Robotics Facility  
  144  17:14  Zealot x4  
  136  17:20  Archon  
Tags
 
Add a new tag
Caveats
  • Supply blocks, unpowered buildings, or Contaminate may cause inaccurate times.
  • Supply counts are checked every 10 seconds.